 Dungeon Crawl Stone Soup version 0.24.0-13-gcf9b319 (webtiles) character file.

Game seed: 13312522051169523641, levelgen mode: deterministic

1073 Bronimir the Magician (level 8, -4/58 HPs)
             Began as a Demonspawn Ice Elementalist on Apr 22, 2020.
             Was a Believer of Okawaru.
             Slain by an orc warrior
             ... wielding a +2 mace of draining
              (13 damage)
             ... on level 6 of the Dungeon.
             The game lasted 00:13:39 (6921 turns).

Bronimir the Magician (Demonspawn Ice Elementalist) Turns: 6921, Time: 00:13:39

Health: -4/58      AC: 14    Str: 12    XL:     8   Next: 7%
Magic:  13/13      EV:  8    Int: 19    God:    Okawaru [**....]
Gold:   303        SH:  0    Dex: 14    Spells: 7/14 levels left

rFire    . . .     SeeInvis .   a - +1 bardiche (vamp)
rCold    . . .     Gourm    .   (shield currently unavailable)
rNeg     + . .     Faith    .   w - +1 pearl dragon scales
rPois    .         Spirit   .   t - +0 helmet
rElec    .         Reflect  .   h - +0 cloak
rCorr    .         Harm     .   (no gloves)
MR       +....                  A - +0 pair of boots
Stlth    ..........             (no amulet)
HPRegen  0.19/turn              j - ring of protection from magic
MPRegen  0.13/turn              (no ring)

@: hasted, heavily drained, very quick
A: hooves 1, clever 1, powered by death 3, strong 1
a: Heroism, Renounce Religion


You were on level 6 of the Dungeon.
You worshipped Okawaru.
Okawaru was pleased with you.
You were not hungry.

You visited 1 branch of the dungeon, and saw 6 of its levels.

You collected 303 gold pieces.

Inventory:

Hand Weapons
 a - a +1 vampiric bardiche (weapon)
 b - a +0 shortbow
 n - a +0 hunting sling
 o - a +0 dagger
 E - a +1 hand axe of electrocution
Missiles
 d - 44 poisoned darts (quivered)
 l - 175 stones
 v - 44 sling bullets
 D - 67 arrows
Armour
 e - a +0 robe
 h - a +0 cloak (worn)
 t - a +0 helmet (worn)
 w - +1 pearl dragon scales (worn)
 A - a +0 pair of boots (worn)
 G - a +0 ring mail
Jewellery
 f - an uncursed ring of protection from cold {unknown}
 j - a ring of protection from magic (left hand)
 I - a +3 ring of strength {unknown}
Wands
 x - a wand of iceblast (5)
Scrolls
 m - 8 scrolls of remove curse
 p - a scroll of enchant armour
 q - 4 scrolls of identify
 s - a scroll of teleportation
 y - 2 scrolls of fear
 C - a scroll of magic mapping
 F - a scroll of blinking
Potions
 g - 2 potions of flight
 i - 2 potions of resistance
 k - 2 potions of degeneration
 r - a potion of lignification
 u - a potion of haste
 z - a potion of berserk rage {unknown}
 B - a potion of cancellation {unknown}
 H - 2 potions of curing {unknown}
Comestibles
 c - 10 rations


   Skills:
 * Level 3.0(1.5) Fighting
 + Level 3.4(2.6) Axes
 * Level 3.6(2.7) Polearms
 + Level 0.1(0.0) Slings
 + Level 1.5(0.0) Bows
 * Level 3.1(1.6) Armour
 + Level 2.6(1.1) Dodging
 - Level 1.7(0.3) Stealth
 * Level 3.8(2.3) Spellcasting
 + Level 1.1(0.0) Conjurations
 + Level 3.3(1.8) Ice Magic


You had 7 spell levels left.
You knew the following spells:

 Your Spells              Type           Power        Failure   Level  Hunger
a - Freeze                Ice            #...         52%         1    #......
b - Throw Frost           Conj/Ice       #.....       78%         2    ##.....
c - Ozocubu's Armour      Chrm/Ice       #.......     95%         3    ###....
d - Corona                Hex            #......      77%         1    #......

Your spell library contained the following spells:

 Spells                   Type           Power        Failure   Level  Hunger
 Ensorcelled Hibernation  Hex/Ice        #.....       78%         2    ##.....
 Confuse                  Hex            #.......     98%         3    ###....
 Dazzling Spray           Conj/Hex       #.....       98%         3    ###....
 Tukima's Dance           Hex            #.......     98%         3    ###....
 Summon Ice Beast         Ice/Summ       #.......     100%        4    #####..
 Throw Icicle             Conj/Ice       #.......     100%        4    #####..


Dungeon Overview and Level Annotations

Branches:
Dungeon (6/15)
 Temple: D:4-7

Altars:
Ashenzari
Elyvilon
Gozag
Kikubaaqudgha
Nemelex Xobeh
Okawaru
Ru
Yredelemnul
The Shining One

Annotations:
D:3 3 runed translucent doors, tugboat's ghost, amateur GnWn
D:6 1 runed translucent door


Innate Abilities, Weirdness & Mutations

You have large cloven feet.
You regenerate a lot of health from kills.
Your mind is acute. (Int +2)
Your muscles are strong. (Str +2)


Message History

The orc warrior hits you with a +2 mace of draining.
You partially resist.
You feel drained.
The orc warrior hits you with a +2 mace of draining.
You partially resist.
You feel drained.
You hit the orc warrior but do no damage.
The orc warrior is moderately wounded.
The orc warrior hits you with a +2 mace of draining!
You partially resist.
You feel drained.
The jackal barks!
You hit the orc warrior but do no damage.
The orc warrior is lightly wounded.
The orc warrior hits you with a +2 mace of draining.
You partially resist.
You feel drained.
The orc warrior hits you with a +2 mace of draining!
* * * LOW HITPOINT WARNING * * *
You partially resist.
You feel drained.
* * * LOW HITPOINT WARNING * * *
It was a potion of haste.
You feel yourself speed up.
The orc warrior hits you with a +2 mace of draining!
You die...

#...............>.. ###..
#.................. ##....
#.##..............# ###.....
#.##............### ##.....##
#.############### ###....h###
##..###### ##.....#h###
.........####### ###...###o..#
..#####........#####....##≈≈...r≈
..# #.....##...@ohhh..###≈..♣.r≈
..# #.....########h..###........
..# #.....# ##..)#...♣._.♣. ..#
#.....# ##............ ..#
#.....# ##...#≈..♣. ..# #.....#
##.h# ... ..# #....## ##.# . .##
##.(...# .# ..(.##


You could see an orc warrior and 4 jackals.

Vanquished Creatures
  An ice beast (D:5)
  2 ogres (D:5)
  A phantom (D:5)
  3 centaurs
  A scorpion (D:5)
  A crimson imp (D:5)
  2 orc priests (D:6)
  3 hounds
  4 iguanas
  A worker ant (D:4)
  6 adders
  An ooze (D:6)
  An adder skeleton (D:5)
  2 worms (D:2)
  2 dart slugs
  2 leopard geckos (D:3)
  2 orcs
  6 giant cockroaches
  6 goblins
  10 hobgoblins
  7 jackals
  6 kobolds
  A quokka (D:3)
  14 bats
  2 frilled lizards
  A jackal skeleton (D:6)
  5 rats
93 creatures vanquished.

Vanquished Creatures (others)
  A quokka (D:6)
1 creature vanquished.

Grand Total: 94 creatures vanquished

Notes
Turn   | Place    | Note
-------+----------+-------------------------------------------
     0 | D:1      | Bronimir the Demonspawn Ice Elementalist began the quest
                  | for the Orb.
     0 | D:1      | Reached XP level 1. HP: 13/13 MP: 3/3
   477 | D:1      | Gained mutation: You regenerate a little health from kills.
                  | [demonic ancestry]
   477 | D:1      | Reached XP level 2. HP: 15/20 MP: 0/5
   672 | D:1      | You fall into a shaft and drop 1 floor!
   905 | D:1      | Reached skill level 1 in Fighting
   912 | D:1      | Reached XP level 3. HP: 19/26 MP: 6/6
   916 | D:1      | Learned a level 2 spell: Throw Frost
   920 | D:1      | Learned a level 3 spell: Ozocubu's Armour
  2045 | D:2      | Found a sacrificial altar of Ru.
  2046 | D:2      | Found a basalt altar of Yredelemnul.
  2051 | D:2      | Found a sparkling altar of Nemelex Xobeh.
  2055 | D:2      | Found an iron altar of Okawaru.
  2062 | D:2      | Found an opulent altar of Gozag.
  2067 | D:2      | Became a worshipper of Warmaster Okawaru
  2269 | D:3      | Gained mutation: You have large cloven feet. [demonic
                  | ancestry]
  2269 | D:3      | Reached XP level 4. HP: 17/32 MP: 8/8
  2635 | D:3      | Reached skill level 1 in Axes
  2665 | D:3      | Reached skill level 1 in Armour
  2740 | D:3      | Found a runed translucent gate.
  2741 | D:3      | Found a runed translucent gate.
  2741 | D:3      | Found an opulent altar of Gozag.
  2768 | D:3      | Noticed an ogre
  3021 | D:2      | Learned a level 1 spell: Corona
  3238 | D:3      | HP: 1/32 [ogre/+0 giant club (15)]
  3699 | D:3      | Found a runed translucent gate.
  3701 | D:3      | Noticed an ice beast
  3704 | D:3      | Noticed tugboat's ghost (amateur GnWn)
  4005 | D:4      | Reached XP level 5. HP: 37/37 MP: 9/9
  4138 | D:4      | Found a glowing golden altar of the Shining One.
  4642 | D:5      | Entered Level 5 of the Dungeon
  4644 | D:5      | Found a shattered altar of Ashenzari.
  4659 | D:5      | Noticed an ogre
  4666 | D:5      | Killed an ogre
  4666 | D:5      | Reached XP level 6. HP: 29/43 MP: 10/10
  4761 | D:5      | Noticed an ice beast
  4785 | D:5      | Reached skill level 1 in Polearms
  4792 | D:5      | Gained mutation: Your mind is acute. (Int +2) [potion of
                  | mutation]
  4792 | D:5      | Gained mutation: Your muscles are strong. (Str +2) [potion
                  | of mutation]
  4805 | D:5      | Killed an ice beast
  4805 | D:5      | Reached * piety under Okawaru
  4815 | D:5      | Gained mutation: You regenerate health from kills. [demonic
                  | ancestry]
  4815 | D:5      | Reached XP level 7. HP: 49/49 MP: 6/11
  5706 | D:5      | Reached ** piety under Okawaru
  6045 | D:6      | Found a glowing golden altar of the Shining One.
  6045 | D:6      | Found a runed translucent door.
  6045 | D:6      | Noticed an angel
  6310 | D:6      | Reached skill level 1 in Bows
  6413 | D:6      | Found a white marble altar of Elyvilon.
  6679 | D:6      | Gained mutation: You regenerate a lot of health from kills.
                  | [demonic ancestry]
  6679 | D:6      | Reached XP level 8. HP: 36/58 MP: 13/13
  6769 | D:6      | Found an ancient bone altar of Kikubaaqudgha.
  6921 | D:6      | Slain by an orc warrior

Levels and vault maps discovered:
D:1:      scummos_arrival_gate, layout_basic
D:2:      layout_loops_cross, minitemple, first_ration, grunt_ministairs_9
D:3:      layout_rooms, ebering_ghost_gozag, minmay_misc_feat_encased,
          minmay_misc_feat_secret_circle, minmay_fountain_box
D:4:      layout_basic, tso_metal_star
D:5:      layout_loops_cross, nicolae_ashenzari_panopticon
D:6:      layout_cave_pods, elyvilon_altar_4, kiku_gazebo_garden_becter,
          lemuel_angel_altar

Skill      XL: |  1  2  3  4  5  6  7 |
---------------+----------------------+-----
Ice Magic      | 3 |  3.3
Fighting       | 1 3 |  3.0
Axes           | 1 3 |  3.4
Armour         | 1 2 3 |  3.1
Dodging        | 2 |  2.6
Polearms       | 2 3 |  3.6
Spellcasting   | 3 |  3.8
Bows           | 1 |  1.5
Slings         | |  0.1
Stealth        | |  1.7
Conjurations   | |  1.1

Action                   |  1- 3 |  4- 6 |  7- 9 || total
-------------------------+-------+-------+-------++-------
Melee: Dagger            |    22 |       |       ||    22
       Hand axe          |    72 |   100 |       ||   172
       Kick              |       |     2 |       ||     2
       Bardiche          |       |    40 |    77 ||   117
 Fire: Hunting sling     |    13 |       |       ||    13
       Shortbow          |       |       |    52 ||    52
Throw: Dart              |       |     3 |       ||     3
 Cast: Freeze            |    25 |     6 |     3 ||    34
Invok: Heroism           |       |       |     1 ||     1
  Use: Scroll            |       |    10 |     3 ||    13
       Potion            |       |     5 |     2 ||     7
  Eat: Chunk             |     5 |     4 |     7 ||    16
       Ration            |       |     1 |       ||     1
Armor: Robe              |    30 |       |       ||    30
       Pearl dragon scal |    40 |   130 |    90 ||   260
       Skin              |       |    30 |     6 ||    36
Dodge: Dodged            |    80 |    90 |    67 ||   237
